NWL (28 & UNDER)
MENLO MANIACS @ BISMARCK BARONS
08/04/2030
 
TOP OF THE 1ST
Menlo Maniacs batting - Pitching for Bismarck Barons : RHP Ángel Gil
Pitching: RHP Ángel Gil
Batting: RHB William Rogers 0-0: Ball
1-0: Foul Ball, location: 2F
1-1: Ground out 5-3 (Groundball, 56S)
Batting: RHB Joe Smith 0-0: Ball
1-0: Ball
2-0: Swinging Strike
2-1: Fly out, F5 (Line Drive, 5)
Batting: LHB Dave Lee 0-0: Called Strike
0-1: Ball
1-1: Swinging Strike
1-2: Ball
2-2: Ball
3-2: Foul Ball, location: 2F
3-2: Ground out 4-3 (Groundball, 4M)
Top of the 1st over - 0 runs, 0 hits, 0 errors, 0 left on base; Menlo 0 - Bismarck 0
BOTTOM OF THE 1ST
Bismarck Barons batting - Pitching for Menlo Maniacs : LHP Leonard Simmons
Pitching: LHP Leonard Simmons
Batting: RHB Jason Smith 0-0: Ball
1-0: Ball
2-0: Ball
3-0: Base on Balls
Batting: LHB Paul Lee 0-0: Ball
Jason Smith is caught stealing 2nd base
1-0: Ball
2-0: Fly out, F2 (Popup, 23F)
Batting: RHB Dave Anderson 0-0: Ground out 5-3 (Groundball, 56)
Bottom of the 1st over - 0 runs, 0 hits, 0 errors, 0 left on base; Menlo 0 - Bismarck 0
TOP OF THE 2ND
Menlo Maniacs batting - Pitching for Bismarck Barons : RHP Ángel Gil
Batting: LHB Marcos Vázquez 0-0: Ball
1-0: Foul Ball, location: 2F
1-1: Swinging Strike
1-2: Fly out, F7 (Flyball, 78S)
Batting: RHB José Méndez 0-0: Swinging Strike
0-1: Ground out 6-3 (Groundball, 6)
Batting: LHB Ken Smith 0-0: Foul Ball, location: 2F
0-1: Called Strike
0-2: DOUBLE (Groundball, 3L)
Batting: RHB Miguel González 0-0: Foul Ball, location: 2F
0-1: Ball
1-1: Swinging Strike
1-2: Strikes out swinging
Top of the 2nd over - 0 runs, 1 hit, 0 errors, 1 left on base; Menlo 0 - Bismarck 0
BOTTOM OF THE 2ND
Bismarck Barons batting - Pitching for Menlo Maniacs : LHP Leonard Simmons
Batting: RHB Luis Cherena 0-0: Ball
1-0: Ground out 5-3 (Groundball, 56)
Batting: RHB Jonathan Jackson 0-0: Called Strike
0-1: Ball
1-1: Ball
2-1: Foul Ball, location: 2F
2-2: Foul Ball, location: 2F
2-2: Foul Ball, location: 2F
2-2: Ball
3-2: Base on Balls
Batting: RHB Vincente Ramírez 0-0: Foul Ball, location: 2F
0-1: Ball
1-1: Ball
2-1: Called Strike
2-2: Ball
3-2: Foul Ball, location: 2F
3-2: Strikes out swinging
Batting: RHB Juan Martínez 0-0: Called Strike
0-1: Ball
1-1: Foul Ball, location: 2F
1-2: Fly out, F8 (Flyball, 8RD)
Bottom of the 2nd over - 0 runs, 0 hits, 0 errors, 1 left on base; Menlo 0 - Bismarck 0
TOP OF THE 3RD
Menlo Maniacs batting - Pitching for Bismarck Barons : RHP Ángel Gil
Batting: RHB Dani Torres 0-0: Ball
1-0: Reached on error, E6 (Groundball, 6)
Batting: RHB Ian Howard 0-0: Fly out, F7 (Flyball, 78M)
Batting: RHB William Rogers 0-0: Ball
1-0: Ball
2-0: Called Strike
2-1: Ball
3-1: Foul Ball, location: 2F
3-2: Foul Ball, location: 2F
3-2: Ground out 6-3 (Groundball, 56)
Batting: RHB Joe Smith 0-0: Ball
1-0: Swinging Strike
1-1: Ball
2-1: Ball
3-1: SINGLE (Groundball, 4MD)
Dani Torres to third
Runner from 3rd tries for Home, SAFE, no throw
Batting: LHB Dave Lee 0-0: Ball
1-0: Swinging Strike
1-1: Ball
2-1: SINGLE (Groundball, 4MD)
Joe Smith to second
Runner from 2nd tries for 3rd, OUT!
Top of the 3rd over - 1 run, 2 hits, 1 error, 1 left on base; Menlo 1 - Bismarck 0
BOTTOM OF THE 3RD
Bismarck Barons batting - Pitching for Menlo Maniacs : LHP Leonard Simmons
Batting: RHB Gary Roberts 0-0: Swinging Strike
0-1: Called Strike
0-2: Ball
1-2: Ball
2-2: Ball
3-2: Foul Ball, location: 2F
3-2: Ground out 4-3 (Groundball, 4)
Batting: RHB Chet White 0-0: Swinging Strike
0-1: Called Strike
0-2: Ground out 5-3 (Groundball, 56S)
Batting: RHB Jason Smith 0-0: Ball
1-0: Ground out U3 (Groundball, 34)
Bottom of the 3rd over - 0 runs, 0 hits, 0 errors, 0 left on base; Menlo 1 - Bismarck 0
TOP OF THE 4TH
Menlo Maniacs batting - Pitching for Bismarck Barons : RHP Ángel Gil
Batting: LHB Marcos Vázquez 0-0: Fly out, F6 (Popup, 6S)
Batting: RHB José Méndez 0-0: Ball
1-0: Foul Ball, location: 2F
1-1: Foul Ball, location: 2F
1-2: Strikes out swinging
Batting: LHB Ken Smith 0-0: Called Strike
0-1: Swinging Strike
0-2: Ball
1-2: Strikes out looking
Top of the 4th over - 0 runs, 0 hits, 0 errors, 0 left on base; Menlo 1 - Bismarck 0
BOTTOM OF THE 4TH
Bismarck Barons batting - Pitching for Menlo Maniacs : LHP Leonard Simmons
Batting: LHB Paul Lee 0-0: Called Strike
0-1: Ground out 4-3 (Groundball, 4S)
Batting: RHB Dave Anderson 0-0: Ball
1-0: Called Strike
1-1: Called Strike
1-2: Ball
2-2: Strikes out looking
Batting: RHB Luis Cherena 0-0: Called Strike
0-1: Foul Ball, location: 2F
0-2: Ball
1-2: Foul Ball, location: 2F
1-2: Foul Ball, location: 2F
1-2: Strikes out swinging
Bottom of the 4th over - 0 runs, 0 hits, 0 errors, 0 left on base; Menlo 1 - Bismarck 0
TOP OF THE 5TH
Menlo Maniacs batting - Pitching for Bismarck Barons : RHP Ángel Gil
Batting: RHB Miguel González 0-0: Ball
1-0: Called Strike
1-1: Ball
2-1: Foul Ball, location: 2F
2-2: Ball
3-2: Strikes out swinging
Batting: RHB Dani Torres 0-0: Ball
1-0: Fly out, F6 (Popup, 6D)
Batting: RHB Ian Howard 0-0: Ball
1-0: Called Strike
1-1: Swinging Strike
1-2: Strikes out swinging
Top of the 5th over - 0 runs, 0 hits, 0 errors, 0 left on base; Menlo 1 - Bismarck 0
BOTTOM OF THE 5TH
Bismarck Barons batting - Pitching for Menlo Maniacs : LHP Leonard Simmons
Batting: RHB Jonathan Jackson 0-0: Ball
1-0: Called Strike
1-1: SINGLE (Flyball, 78M)
Batting: RHB Vincente Ramírez 0-0: Ball
1-0: Swinging Strike
1-1: Hit by Pitch
Jonathan Jackson to second
Batting: RHB Juan Martínez 0-0: Called Strike
0-1: DOUBLE (Line Drive, 7LM)
Jonathan Jackson scores
Vincente Ramírez to third
Batting: RHB Gary Roberts 0-0: Intentional Walk
Batting: RHB Chet White 0-0: Grounds into double play, 6-2-3 (Groundball, 6)
Juan Martínez to third
Gary Roberts to second
Batting: RHB Jason Smith 0-0: Ball
1-0: Fly out, F5 (Line Drive, 5L)
Bottom of the 5th over - 1 run, 2 hits, 0 errors, 2 left on base; Menlo 1 - Bismarck 1
TOP OF THE 6TH
Menlo Maniacs batting - Pitching for Bismarck Barons : RHP Ángel Gil
Batting: RHB William Rogers 0-0: Ground out 4-3 (Groundball, 4MD)
Batting: RHB Joe Smith 0-0: Ball
1-0: Ball
2-0: Fly out, F3 (Flyball, 3DF)
Batting: LHB Dave Lee 0-0: Foul Ball, location: 2F
0-1: Ball
1-1: Foul Ball, location: 2F
1-2: Fly out, F8 (Flyball, 8RM)
Top of the 6th over - 0 runs, 0 hits, 0 errors, 0 left on base; Menlo 1 - Bismarck 1
BOTTOM OF THE 6TH
Bismarck Barons batting - Pitching for Menlo Maniacs : LHP Leonard Simmons
Batting: LHB Paul Lee 0-0: Swinging Strike
0-1: Ground out U3 (Groundball, 3)
Batting: RHB Dave Anderson 0-0: Ball
1-0: Called Strike
1-1: SINGLE (Groundball, 56S) (infield hit)
Batting: RHB Luis Cherena 0-0: Ball
1-0: Fly out, F7 (Flyball, 7)
Batting: RHB Jonathan Jackson 0-0: Called Strike
0-1: Ball
1-1: Fly out, F8 (Flyball, 8LM)
Bottom of the 6th over - 0 runs, 1 hit, 0 errors, 1 left on base; Menlo 1 - Bismarck 1
TOP OF THE 7TH
Menlo Maniacs batting - Pitching for Bismarck Barons : RHP Ángel Gil
Batting: LHB Marcos Vázquez 0-0: Swinging Strike
0-1: Swinging Strike
0-2: Ball
1-2: Ball
2-2: Ball
3-2: Foul Ball, location: 2F
3-2: Foul Ball, location: 2F
3-2: Ground out 4-3 (Groundball, 4)
Batting: RHB José Méndez 0-0: Swinging Strike
0-1: Ball
1-1: Swinging Strike
1-2: Strikes out swinging
Batting: LHB Ken Smith 0-0: Ball
1-0: Called Strike
1-1: Ball
2-1: Foul Ball, location: 2F
2-2: Reached via error on a dropped throw, E1
Batting: RHB Miguel González 0-0: Ball
1-0: Swinging Strike
1-1: Foul Ball, location: 2F
1-2: Ball
Ken Smith steals 2nd base
2-2: Foul Ball, location: 2F
2-2: Foul Ball, location: 2F
2-2: Foul Ball, location: 2F
2-2: Fly out, F9 (Flyball, 89M)
Top of the 7th over - 0 runs, 0 hits, 1 error, 1 left on base; Menlo 1 - Bismarck 1
BOTTOM OF THE 7TH
Bismarck Barons batting - Pitching for Menlo Maniacs : LHP Leonard Simmons
Batting: RHB Vincente Ramírez 0-0: SINGLE (Flyball, 89S)
Batting: RHB Juan Martínez 0-0: Ball
Vincente Ramírez steals 2nd base
1-0: Intentional Walk
Batting: RHB Gary Roberts 0-0: Ball
1-0: Ball
2-0: Bunted foul
2-1: Sac Bunt - play at first, batter OUT! 1-4
Vincente Ramírez to third
Juan Martínez to second
Batting: RHB Chet White 0-0: Ball
1-0: Foul Ball, location: 2F
1-1: Ball
2-1: Ball
3-1: Base on Balls
Batting: RHB Jason Smith 0-0: Fly out, F9 (Flyball, 89S)
Pinch Hitting: RHB Eric Black 0-0: Ball
1-0: Foul Ball, location: 2F
1-1: Ball
2-1: Ball
Passed Ball!
Vincente Ramírez scores
Juan Martínez to third
Chet White to second
3-1: Called Strike
3-2: Strikes out swinging
Bottom of the 7th over - 1 run, 1 hit, 0 errors, 2 left on base; Menlo 1 - Bismarck 2
TOP OF THE 8TH
Menlo Maniacs batting - Pitching for Bismarck Barons : RHP Ángel Gil
Pitching: RHP Alfonso Villa
Now in RF: Pedro García
Batting: RHB Dani Torres 0-0: Called Strike
0-1: Fly out, F8 (Flyball, 8LM)
Batting: RHB Ian Howard 0-0: Called Strike
0-1: Ball
1-1: Ball
2-1: Swinging Strike
2-2: Ground out 6-3 (Groundball, 6)
Batting: RHB William Rogers 0-0: Ball
1-0: Ball
2-0: Ball
3-0: Called Strike
3-1: Base on Balls
Batting: RHB Joe Smith 0-0: Ball
William Rogers is caught stealing 2nd base
Top of the 8th over - 0 runs, 0 hits, 0 errors, 0 left on base; Menlo 1 - Bismarck 2
BOTTOM OF THE 8TH
Bismarck Barons batting - Pitching for Menlo Maniacs : LHP Leonard Simmons
Batting: RHB Dave Anderson 0-0: Ball
1-0: Swinging Strike
1-1: Foul Ball, location: 2F
1-2: Ball
2-2: Strikes out swinging
Batting: RHB Luis Cherena 0-0: Called Strike
0-1: Ball
1-1: Ground out 5-3 (Groundball, 56S)
Batting: RHB Jonathan Jackson 0-0: Foul Ball, location: 2F
0-1: Ball
1-1: Ball
2-1: Ball
3-1: Base on Balls
Pinch Runner at 1st Orlando Hernández:
Batting: RHB Vincente Ramírez 0-0: Ball
1-0: Ball
Orlando Hernández steals 2nd base
2-0: Ball
3-0: Called Strike
3-1: DOUBLE (Flyball, 8RXD)
Orlando Hernández scores
Pitching: RHP Brad Small
Batting: RHB Juan Martínez 0-0: Ball
1-0: Ball
2-0: Foul Ball, location: 2F
2-1: Ball
3-1: Base on Balls
Batting: RHB Gary Roberts 0-0: Ball
1-0: Called Strike
1-1: Ball
2-1: Swinging Strike
2-2: Ball
3-2: Foul Ball, location: 2F
3-2: Foul Ball, location: 2F
3-2: Foul Ball, location: 2F
3-2: Base on Balls
Vincente Ramírez to third
Juan Martínez to second
Batting: RHB Chet White 0-0: GRAND SLAM HOME RUN (Flyball, 7LD), Distance : 332 ft
Pitching: RHP Wayne Todd
Batting: RHB Jason Smith 0-0: Ball
1-0: Called Strike
1-1: Foul Ball, location: 2F
1-2: Ball
2-2: Ball
3-2: Strikes out looking
Bottom of the 8th over - 5 runs, 2 hits, 0 errors, 0 left on base; Menlo 1 - Bismarck 7
TOP OF THE 9TH
Menlo Maniacs batting - Pitching for Bismarck Barons : RHP Alfonso Villa
Now at 2B: Orlando Hernández
Batting: RHB Joe Smith 0-0: Swinging Strike
0-1: Foul Ball, location: 2F
0-2: Strikes out swinging
Batting: LHB Dave Lee 0-0: Called Strike
0-1: Ball
1-1: Foul Ball, location: 2F
1-2: Ball
2-2: DOUBLE (Line Drive, 89XD)
Batting: LHB Marcos Vázquez 0-0: Ball
1-0: Ball
2-0: Ground out 6-3 (Groundball, 6)
Batting: RHB José Méndez 0-0: Called Strike
0-1: Ball
1-1: Ball
2-1: Ground out 1-3 (Groundball, 13)
Top of the 9th over - 0 runs, 1 hit, 0 errors, 1 left on base; Menlo 1 - Bismarck 7
Saturday, April 7th, 2018 - OOTP Baseball 18.8 Build 76